General information
- name: Local Game (NADMaN)
- type: Custom game
- host: NADMaN
- saver: NADMaN
map: EchoIsles
- players: 5
- length: 73:45
- speed: Fast
- version: 1.23 W3XP
- replay type: Public
» download(471 KB)
Players
team 1 (winner)
NADMaN (
green | 155 APM | 11466 actions | 73:45)
5 Blademaster
2 Wind Walk
3 Critical Strike
8 Shadow Hunter
3 Healing Wave
3 Hex
1 Big Bad Voodoo
1 Serpent Ward
7 Tauren Chieftain
3 Endurance Aura
3 War Stomp
1 Reincarnation
» actions
| Assign group hotkey | 29 | |
| Basic commands | 302 | |
| Build / train | 102 | |
| ESC pressed | 6 | |
| Enter build submenu | 15 | |
| Enter hero's abilities submenu | 25 | |
| Give item / drop item | 23 | |
| Right click | 5843 | |
| Select / deselect | 1217 | |
| Select group hotkey | 3401 | |
| Use ability | 503 | |
11466 total
» units
| Peon | 12 | |
| Grunt | 4 | |
| Spirit Walker | 5 | |
| Raider | 4 | |
| Troll Batrider | 3 | |
| Wind Rider | 4 | |
| Kodo Beast | 1 | |
| Troll Witch Doctor | 2 | |
35 total
» upgrades
| Spirit Walker Training | 2 | |
| Ensnare | 1 | |
| War Drums Damage Increase | 1 | |
| Armor | 2 | |
| Envenomed Spears | 2 | |
| Witch Doctor Training | 2 | |
| Pillage | 1 | |
11 total
» buildings
| Altar of Storms | 1 | |
| Orc Burrow | 8 | |
| Voodoo Lounge | 1 | |
| Barracks | 1 | |
| Stronghold | 1 | |
| War Mill | 1 | |
| Beastiary | 2 | |
| Spirit Lodge | 1 | |
| Fortress | 1 | |
17 total
» build order
00:08 Altar of Storms
00:15 Orc Burrow
00:49 Voodoo Lounge
01:22 Barracks
01:45 Orc Burrow
02:56 Stronghold
04:14 Orc Burrow
04:51 War Mill
05:42 Beastiary
05:44 Spirit Lodge
07:38 Orc Burrow
08:23 Fortress
09:43 Beastiary
11:08 Orc Burrow
18:36 Orc Burrow
18:38 Orc Burrow
18:40 Orc Burrow
» items
| Healing Salve | 7 | |
| Lesser Clarity Potion | 8 | |
| Boots of Speed | 2 | |
| Staff of Teleportation | 1 | |
| Scroll of Healing | 3 | |
| Tiny Great Hall | 1 | |
| Orb of Lightning | 2 | |
| Potion of Mana | 3 | |
| Scroll of Town Portal | 3 | |
30 total
team 2 (loser)
greedoFthenoob (
pink | 75 APM | 5509 actions | 73:42)
3 Archmage
2 Summon Water Elemental
1 Brilliance Aura
2 Mountain King
1 Storm Bolt
1 Bash
2 Paladin
1 Holy Light
1 Divine Shield
» actions
| Assign group hotkey | 74 | |
| Basic commands | 163 | |
| Build / train | 152 | |
| ESC pressed | 11 | |
| Enter build submenu | 84 | |
| Enter hero's abilities submenu | 7 | |
| Give item / drop item | 8 | |
| Right click | 2515 | |
| Select / deselect | 1521 | |
| Select group hotkey | 619 | |
| Use ability | 355 | |
5509 total
» units
| Peasant | 25 | |
| Footman | 7 | |
| Rifleman | 11 | |
| Sorceress | 3 | |
| Priest | 3 | |
| Spell Breaker | 7 | |
| Knight | 4 | |
| Gryphon Rider | 3 | |
63 total
» upgrades
| Defend | 1 | |
| Long Rifles | 1 | |
| Masonry | 3 | |
| Magic Sentry | 1 | |
| Sorceress Training | 2 | |
| Animal War Training | 1 | |
| Priest Training | 1 | |
| Control Magic | 1 | |
| Storm Hammers | 1 | |
12 total
» buildings
| Altar of Kings | 2 | |
| Farm | 11 | |
| Barracks | 2 | |
| Scout Tower | 49 | |
| Lumber Mill | 2 | |
| Arcane Tower | 6 | |
| Town Hall | 2 | |
| Arcane Vault | 3 | |
| Guard Tower | 27 | |
| Keep | 1 | |
| Blacksmith | 1 | |
| Arcane Sanctum | 5 | |
| Castle | 1 | |
| Gryphon Aviary | 1 | |
113 total
» build order
00:04 Altar of Kings
00:18 Farm
00:21 Barracks
00:50 Farm
01:30 Scout Tower
01:51 Lumber Mill
01:55 Lumber Mill
02:58 Arcane Tower
03:12 Scout Tower
03:35 Farm
04:00 Arcane Tower
04:30 Town Hall
04:54 Scout Tower
04:57 Scout Tower
04:58 Arcane Vault
05:25 Guard Tower
05:55 Farm
06:23 Guard Tower
06:26 Scout Tower
06:37 Keep
06:51 Farm
06:56 Blacksmith
07:12 Scout Tower
07:13 Guard Tower
08:50 Barracks
09:58 Arcane Sanctum
10:02 Arcane Sanctum
10:39 Arcane Sanctum
10:42 Arcane Sanctum
11:11 Scout Tower
11:13 Scout Tower
11:13 Scout Tower
11:14 Scout Tower
11:19 Castle
11:34 Arcane Vault
11:43 Guard Tower
11:44 Guard Tower
11:45 Guard Tower
11:57 Farm
12:00 Farm
12:12 Scout Tower
12:16 Scout Tower
12:20 Farm
12:53 Guard Tower
13:12 Farm
13:15 Guard Tower
13:17 Scout Tower
13:19 Scout Tower
13:47 Guard Tower
13:50 Arcane Tower
16:30 Guard Tower
17:51 Farm
20:24 Scout Tower
20:26 Scout Tower
20:26 Scout Tower
20:28 Scout Tower
20:28 Scout Tower
20:47 Scout Tower
21:02 Scout Tower
21:03 Scout Tower
21:05 Guard Tower
21:10 Town Hall
21:16 Guard Tower
21:43 Guard Tower
21:45 Scout Tower
21:47 Scout Tower
21:49 Scout Tower
21:50 Scout Tower
22:14 Arcane Tower
22:16 Guard Tower
22:18 Scout Tower
22:19 Guard Tower
22:46 Guard Tower
22:48 Guard Tower
22:50 Scout Tower
22:51 Scout Tower
24:51 Scout Tower
24:54 Scout Tower
24:55 Scout Tower
24:55 Scout Tower
24:59 Scout Tower
25:01 Scout Tower
25:06 Scout Tower
25:25 Guard Tower
25:26 Guard Tower
26:05 Guard Tower
26:20 Scout Tower
26:47 Guard Tower
26:48 Scout Tower
26:51 Scout Tower
26:55 Scout Tower
27:19 Guard Tower
27:46 Guard Tower
27:49 Scout Tower
28:19 Guard Tower
33:31 Arcane Vault
35:27 Arcane Sanctum
37:21 Gryphon Aviary
37:33 Farm
40:05 Scout Tower
40:06 Scout Tower
40:08 Scout Tower
40:47 Guard Tower
41:27 Altar of Kings
43:52 Scout Tower
44:23 Arcane Tower
45:28 Scout Tower
45:31 Scout Tower
45:32 Scout Tower
46:10 Arcane Tower
46:57 Guard Tower
64:10 Scout Tower
64:40 Guard Tower
» items
| Scroll of Regeneration | 5 | |
| Lesser Clarity Potion | 1 | |
| Boots of Speed | 1 | |
| Dust of Appearance | 1 | |
| Potion of Lesser Invulnerability | 3 | |
| Potion of Healing | 3 | |
| Potion of Mana | 1 | |
| Scroll of Town Portal | 6 | |
| Ivory Tower | 3 | |
| Orb of Fire | 1 | |
| Staff of Sanctuary | 2 | |
| Scroll of Protection | 2 | |
| Scroll of Healing | 1 | |
30 total
refereesnonent,
yeahshesassbats,
PerturbedParrot Chat log
(00:14 / All) greedoFthenoob: eta
(00:21 / All) NADMaN: eta
(00:33 / All) PerturbedParrot: ate?
(00:36 / All) greedoFthenoob: eta
(00:39 / All) greedoFthenoob: it's french for fuck your mother
(00:40 / All) NADMaN: eta
(00:59 / All) greedoFthenoob: do you want me to get AM or MK
(01:03 / All) NADMaN: Dont care
(02:57 / All) yeahshesassbats: turk
(02:59 / All) yeahshesassbats: u got better
(03:11 / All) PerturbedParrot: more towers
(03:35 / All) NADMaN: So is this like
(03:37 / All) NADMaN: 200 lumber
(04:28 / All) yeahshesassbats: forget what i said b4
(04:29 / All) yeahshesassbats: turk
(04:31 / Referees) NADMaN: formation movement lol
(08:21 / All) greedoFthenoob: had formation move on
(18:28 / All) NADMaN: gay
(22:16 / Referees) NADMaN: needed bm for hero focusing
(22:18 / Referees) NADMaN: wyvs will hep
(24:45 / Referees) NADMaN: map needs fountain
(24:47 / All) greedoFthenoob: i let you do that btw
(27:51 / Referees) NADMaN: witch dox hell yeah
(30:33 / All) PerturbedParrot: D
(30:35 / All) yeahshesassbats: why u so bad
(31:09 / All) PerturbedParrot: no pillage man?
(35:32 / All) greedoFthenoob: lag
(36:20 / All) greedoFthenoob: what is this bullshit lag all of a sudden
(36:23 / All) NADMaN: pretty much impossible for you to win
(36:27 / All) greedoFthenoob: not really
(36:32 / All) NADMaN: i havent lost a unit
(36:35 / All) NADMaN: in the past 20 minutes
(36:43 / All) PerturbedParrot: wrong
(36:47 / All) greedoFthenoob: you dont count peons eh
(36:47 / All) NADMaN: ???
(36:51 / All) NADMaN: ok ok
(36:54 / All) PerturbedParrot: lol
(37:35 / All) greedoFthenoob: this lag is silly
(41:10 / All) PerturbedParrot: cheers
(41:13 / All) yeahshesassbats: turk im getting worse at this game by the second
(41:29 / All) yeahshesassbats: you cant even win with an extra like
(41:33 / All) yeahshesassbats: 20k
(42:30 / All) NADMaN: meany
(43:46 / All) NADMaN: im mad that i lost my blade
(43:47 / All) NADMaN: :(
(43:54 / All) NADMaN: was noob shit
(44:03 / All) yeahshesassbats: if u didnt kamikaze turks expo
(44:06 / All) yeahshesassbats: u would of won
(44:09 / All) yeahshesassbats: ;\
(44:10 / All) NADMaN: well im still doing ok
(44:14 / All) NADMaN: suprisingly
(44:17 / All) NADMaN: level 6 tc
(44:20 / All) NADMaN: is ownage all over
(46:19 / Referees) NADMaN: actually alt tabbed right now
(46:21 / Referees) NADMaN: :v
(46:29 / Referees) NADMaN: he'll just turtle
(47:35 / All) NADMaN: Come kill me or something
(47:48 / All) NADMaN: anyways
(47:48 / All) NADMaN: lets rm
(47:52 / All) NADMaN: After this
(47:52 / All) greedoFthenoob: sec
(47:54 / All) NADMaN: gonna slaughter you
(49:50 / All) NADMaN: lol
(49:51 / All) NADMaN: you're so bad
(49:52 / All) greedoFthenoob: lmao
(50:02 / All) greedoFthenoob: it's very laggy
(50:04 / All) NADMaN: w/e
(50:09 / All) NADMaN: i asked if you wanted neutral host
(50:39 / All) NADMaN: you know this is literally gonna stalemate because you cant kill me with 25 gryphones
(51:18 / All) NADMaN: just come out and lose
(51:28 / All) NADMaN: I mean aren't you mined out yet
(51:29 / All) yeahshesassbats: one of u will lose
(52:12 / All) yeahshesassbats: meh
(52:22 / All) NADMaN: just call it a draw and lets remake
(52:26 / All) greedoFthenoob: never
(52:28 / All) NADMaN: so i can not let you take all expos
(52:28 / All) yeahshesassbats: well
(52:32 / All) yeahshesassbats: if turk goes out
(52:34 / All) yeahshesassbats: he loses
(52:36 / All) yeahshesassbats: u go in
(52:37 / All) yeahshesassbats: u lose
(52:39 / All) NADMaN: well not really
(52:40 / All) NADMaN: See
(52:43 / All) NADMaN: if he goes out and i kill his shit
(52:49 / All) NADMaN: i could just snipe towers
(52:57 / All) yeahshesassbats: if u go into his expo
(53:03 / All) yeahshesassbats: his towers snipe u
(53:07 / Referees) NADMaN: naw
(54:12 / All) yeahshesassbats: turk makes it seem hard to use 3 heroes
(54:13 / All) yeahshesassbats: lol
(54:19 / All) NADMaN: 3 units...
(54:30 / All) yeahshesassbats: thats what i mean
(56:14 / All) greedoFthenoob: sigh
(56:15 / All) greedoFthenoob: im so dumb
(56:19 / All) greedoFthenoob: im like
(56:20 / All) greedoFthenoob: the dumbest
(58:12 / All) yeahshesassbats: k over
(58:16 / All) yeahshesassbats: leave turk
(58:45 / All) yeahshesassbats: shud i watch u wave all his towers
(58:50 / All) yeahshesassbats: ?
(58:55 / All) NADMaN: i got stomp :d
(58:59 / All) greedoFthenoob: lol
(59:02 / All) yeahshesassbats: ;\
(59:25 / All) yeahshesassbats: god ur bad
(59:29 / All) yeahshesassbats: 3 fucking units
(59:50 / All) greedoFthenoob: i cant kill your wyvern
(59:56 / All) NADMaN: Well
(59:58 / All) NADMaN: im not feeding it
(60:13 / All) greedoFthenoob: imtoo dumb
(61:49 / All) yeahshesassbats: just bait turk out with your wyvern
(61:52 / All) yeahshesassbats: and hex rape him
(61:52 / All) NADMaN: lol
(61:55 / All) NADMaN: dont even nee dto bait
(61:56 / All) yeahshesassbats: i mean
(61:57 / All) NADMaN: i can walk in
(61:59 / All) NADMaN: hex/stomp gg
(62:00 / All) yeahshesassbats: he will fall for it
(63:00 / All) NADMaN: no rush
(63:09 / All) NADMaN: i mean i got reincarn
(63:11 / All) yeahshesassbats: whisper me when u finish turk off
(63:11 / All) NADMaN: but w/e
(63:11 / All) greedoFthenoob: im alt tabbed
(63:12 / All) yeahshesassbats: lol
(63:16 / All) NADMaN: wow
(63:18 / All) NADMaN: such bad manner
(63:49 / All) NADMaN: Fyi this game just counts as three
(63:50 / All) NADMaN: and i win
(63:58 / All) NADMaN: I mean you have three mines
(64:00 / All) NADMaN: to my one
(64:04 / All) NADMaN: kinda equal, you know?
(64:24 / All) greedoFthenoob: im dumb
(64:28 / All) greedoFthenoob: i shoulda got a dhawk
(64:28 / All) NADMaN: no shit
(64:31 / All) NADMaN: well
(64:34 / All) greedoFthenoob: well nothing
(64:36 / All) NADMaN: dhawk wouldnt have mattered too much
(64:36 / All) NADMaN: hex
(64:37 / All) greedoFthenoob: if i have the only air unit
(65:14 / All) NADMaN: lol
(70:13 / All) NADMaN: oh mann
(70:43 / All) greedoFthenoob: lol
(72:22 / All) NADMaN: LMFGAAAA
(72:26 / All) NADMaN: AHAHA YOU"RE FUCKED
(72:39 / All) NADMaN: lmaaoao
(73:02 / All) NADMaN: pillage
(73:04 / All) NADMaN: motherfucker
(73:36 / All) NADMaN: Aight im afk for a bit
(73:41 / All) greedoFthenoob: sigh